 Dungeon Crawl Stone Soup version 0.31.0-12-g77e489cdc1 (webtiles) character file.

Game seed: 732861121804273401

2186 Gadfly the Trooper (level 9, -2/93 HPs)
             Began as an Oni Berserker on Feb 27, 2024.
             Was an Elder of Trog.
             Slain by a troll (6 damage)
             ... on level 7 of the Dungeon.
             The game lasted 00:09:14 (7065 turns).

Gadfly the Trooper (Oni Berserker)                  Turns: 7065, Time: 00:09:15

Health: -2/93      AC:  4    Str: 25    XL:     9   Next: 33%
Magic:  9/9        EV: 10    Int:  8    God:    Trog [****..]
Gold:   310        SH:  0    Dex: 10    Spells: 8/8 levels left

rFire   . . .        a - +0 flail (flame)
rCold   . . .        (no shield)
rNeg    . . .        j - +0 robe
rPois   .            (helmet restricted)
rElec   .            i - +0 cloak
rCorr   .            (gloves unavailable)
SInv    +            (boots unavailable)
Will    .....        (no amulet)
Stlth   +            c - ring of flight
HPRegen 0.35/turn    q - ring of see invisible
MPRegen 0.11/turn

%: no passive effects
@: flying
A: large, unfitting armour, horns 1, tough skin 1, double potion healing,
drunken brawling
a: Renounce Religion, Berserk, Trog's Hand, Brothers in Arms


You were on level 7 of the Dungeon.
You worshipped Trog.
Trog was greatly pleased with you.
You visited 1 branch of the dungeon, and saw 7 of its levels.

You collected 310 gold pieces.

Inventory:

Hand Weapons
 a - a +0 flail of flaming (weapon)
 b - a +3 quarterstaff of chaos
 e - a +2 scimitar of holy wrath
 g - a +1 mace
 n - a +0 dire flail
Armour
 i - a +0 cloak (worn)
 j - a +0 robe (worn)
Jewellery
 c - a ring of flight (left hand)
 q - a ring of see invisible (right hand)
Wands
 l - a wand of charming (10)
 p - a wand of iceblast (15)
 r - a wand of flame (22) (quivered)
Scrolls
 f - a scroll of vulnerability
 h - 2 scrolls of enchant weapon
 k - a scroll of blinking
 t - a scroll of identify
Potions
 d - a potion of mutation
 m - 2 potions of curing
 o - 2 potions of attraction


   Skills:
 + Level 7.3 Fighting
 * Level 7.1 Maces & Flails
 * Level 5.7 Armour
 - Level 2.6 Dodging
 * Level 5.2 Evocations


You had 8 spell levels left.
You didn't know any spells.
Your spell library was empty.

Dungeon Overview and Level Annotations

Branches:
Dungeon (7/15)
 Temple: D:4-7

Altars:
Ru

Shops:
D:2 :


Innate Abilities, Weirdness & Mutations

You are too large for most types of armour.
You have a pair of small horns on your head.
You have tough skin. (AC +1)
You gain doubled healing and magic from potions.
Whenever you drink a healing potion, you attack all around you.


Message History

An orc comes into view. It is wielding a +0 falchion.
A troll comes into view.
The orc shouts!
The troll shouts!
The orc hits you with a +0 falchion.
You hit the orc. You burn the orc. You headbutt the orc.
The orc is almost dead.
The orc hits you with a +0 falchion.
You hit the orc but do no damage. You punch the orc.
You kill the orc!
Trog accepts your kill.
Things that are here:
a +0 falchion; 3 boomerangs You closely miss the troll.
The troll barely misses you. The troll claws you! The troll barely misses you.
You are too injured to fight recklessly!
You are too injured to fight recklessly!
You are too injured to fight recklessly!
You hit the troll. You burn the troll.
The troll is moderately wounded.
The troll bites you but does no damage. The troll claws you.
The troll barely misses you.
You hit the troll but do no damage. You headbutt the troll!
The troll is moderately wounded.
The troll bites you but does no damage. The troll claws you.
The troll claws you!
You hit the troll but do no damage. Your headbutt misses the troll.
The troll is moderately wounded.
The troll bites you!
* * * LOW HITPOINT WARNING * * *
The troll barely misses you. The troll claws you.
* * * LOW HITPOINT WARNING * * *
You closely miss the troll.
The troll is moderately wounded.
The troll barely misses you. The troll misses you. The troll barely misses you.
You sock the troll! You burn the troll.
The troll is severely wounded.
The troll bites you!
* * * LOW HITPOINT WARNING * * *
The troll barely misses you. The troll claws you.
You die...

#.#.......###.#
#.#.###.....KK### #.#.#
#.#.###...#
#######.#.###.#)###.#o#
..........>.#.#<#.... #
#######.##..#.#)#.#..o #
.######.##..#.#)#.#.....
............#.#.#.#..###
...####.##.<#.#.@T......
#.##.## #.###...##
#.....# #.. .# #.##..#
### #.....# #.#...#
#.#...... #.#..####
..#.:.


You could see a troll.

Vanquished Creatures
  Menkaure (D:4)
  3 orc warriors
  An ice beast (D:6)
  A sky beast (D:4)
  4 phantoms
  A centaur (D:6)
  The ghost of middlethird the Conjurer, an amateur VSCj (D:3)
  A kobold brigand (D:7)
  3 scorpions
  3 bombardier beetles (D:5)
  2 jellies
  3 hounds
  Crazy Yiuf (D:2)
  5 orc priests
  3 iguanas
  7 orc wizards
  8 gnolls
  6 adders
  A shadow imp (D:6)
  A dart slug (D:4)
  3 ribbon worms
  19 orcs
  10 endoplasms
  4 giant cockroaches
  7 goblins
  6 hobgoblins
  10 jackals
  12 kobolds
  4 quokkas
  9 ball pythons
  4 bats
  4 frilled lizards
  4 rats
152 creatures vanquished.

Notes
Turn   | Place    | Note
-------+----------+-------------------------------------------
     0 | D:1      | Gadfly the Oni Berserker began the quest for the Orb.
     0 | D:1      | Reached XP level 1. HP: 24/24 MP: 1/1
    63 | D:1      | Reached XP level 2. HP: 17/32 MP: 2/2
   203 | D:1      | Reached skill level 1 in Armour
   270 | D:1      | Reached ** piety under Trog
   274 | D:1      | Reached XP level 3. HP: 39/39 MP: 3/3
   383 | D:1      | Reached skill level 1 in Evocations
   908 | D:2      | Reached XP level 4. HP: 36/49 MP: 4/4
  1538 | D:2      | Reached XP level 5. HP: 53/55 MP: 5/5
  1628 | D:2      | Found Ricut's Book Boutique.
  1836 | D:2      | Found a runed translucent door.
  1837 | D:2      | Noticed Crazy Yiuf
  2150 | D:2      | Killed Crazy Yiuf
  2412 | D:3      | Found a faded altar of an unknown god.
  2610 | D:3      | Reached XP level 6. HP: 26/65 MP: 6/6
  2613 | D:3      | Reached skill level 5 in Fighting
  2847 | D:3      | Reached *** piety under Trog
  3167 | D:3      | Found a runed translucent gate.
  3170 | D:3      | Found a runed translucent gate.
  3170 | D:3      | Found a runed translucent gate.
  3173 | D:3      | Noticed middlethird's ghost (amateur VSCj)
  3298 | D:3      | Killed middlethird's ghost
  3369 | D:4      | Reached XP level 7. HP: 62/72 MP: 7/7
  3474 | D:4      | Reached skill level 5 in Maces & Flails
  3985 | D:5      | Entered Level 5 of the Dungeon
  4162 | D:5      | Reached XP level 8. HP: 54/83 MP: 8/8
  4501 | D:5      | Found a sacrificial altar of Ru.
  4532 | D:5      | Reached **** piety under Trog
  4629 | D:5      | Noticed Menkaure
  4915 | D:4      | Killed Menkaure
  5440 | D:5      | Reached skill level 5 in Armour
  5977 | D:6      | Reached XP level 9. HP: 79/92 MP: 9/9
  6558 | D:7      | Reached skill level 5 in Evocations
  7056 | D:7      | Noticed a troll
  7065 | D:7      | HP: 4/93 [troll (9)]
  7065 | D:7      | Slain by a troll

Illustrated notes

Levels and vault maps discovered:
D:1:      denvon_arrival_planthouse, layout_rooms, nicolae_figureground_pulse
D:2:      layout_loops_corners, serial_shops, nicolae_shop_back_alley_shop,
          reono_crystal_passage, hangedman_decor_slide_cut,
          uniq_crazy_yiuf_cottage
D:3:      layout_rooms, ebering_ecumenical_altar_rust,
          ebering_ghost_rock_garden, nicolae_elevator_lobby_plus
D:4:      layout_basic
D:5:      layout_basic, nicolae_ru_sacrificial_ziggurat,
          kennysheep_generic_room_8, uniq_menkaure
D:6:      layout_rooms
D:7:      layout_basic, fedhas_ov_isle_minmay,
          minmay_temple_entry_gardened_gates

Skill      XL: |  1  2  3  4  5  6  7  8  9 |
---------------+----------------------------+-----
Armour         | 1 2 3 4 5 |  5.7
Evocations     | 1 2 3 4 5 |  5.2
Maces & Flails | 4 5 6 7 |  7.1
Fighting       | 5 6 7 |  7.3
Dodging        | |  2.6

Action                     |  1- 3 |  4- 6 |  7- 9 || total
---------------------------+-------+-------+-------++-------
  Melee: Mace              |    87 |    47 |       ||   134
         Headbutt          |     8 |    22 |    37 ||    67
         Punch             |     1 |       |     1 ||     2
         Flail             |       |    56 |    97 ||   153
         Quarterstaff      |       |    34 |   110 ||   144
 Invoke: Berserk           |       |     3 |       ||     3
    Use: Scroll            |     4 |     4 |     6 ||    14
   Stab: Paralysed         |       |       |     1 ||     1
 Armour: Animal skin       |    60 |    56 |       ||   116
         Robe              |       |    73 |   158 ||   231
  Dodge: Dodged            |    57 |    98 |    90 ||   245
